 Dungeon Crawl Stone Soup version 0.23.0-3-gf3c87f2 (webtiles) character file.

Game seed: 17812495644178547195

31 Borgoz the Sneak (level 3, -4/25 (26) HPs)
             Began as a Ghoul Enchanter on Feb 25, 2019.
             Slain by a worm (12 damage)
             ... on level 2 of the Dungeon.
             The game lasted 00:03:28 (1458 turns).

Borgoz the Sneak (Ghoul Enchanter)                  Turns: 1458, Time: 00:03:29

HP:   -4/25 (26)    AC:  2    Str: 15    XL:     3   Next: 22%
MP:   2/5           EV: 12    Int: 10    God:
Gold: 39            SH:  0    Dex: 10    Spells: 3/6 levels left

rFire    . . .     SeeInvis .   a - +1 dagger
rCold    + . .     Gourm    .   (no shield)
rNeg     + + +     Faith    .   b - +0 robe
rPois    ∞         Spirit   .   (no helmet)
rElec    .         Reflect  .   (no cloak)
rCorr    .         Harm     .   (no gloves)
MR       .....                  (no boots)
Stlth    ++........             (no amulet)
HPRegen  0.00/turn              h - +4 ring of strength
MPRegen  0.09/turn              (no ring)

@: rotting
A: rotting body, claws 1, carnivore, cold resistance 1, negative energy
resistance 3, inhibited regeneration, torment resistance, unbreathing
a: no special abilities


You were on level 2 of the Dungeon.
You were not hungry.

You visited 1 branch of the dungeon, and saw 2 of its levels.

You collected 39 gold pieces.

Inventory:

Hand Weapons
 a - a +1 dagger (weapon)
Armour
 b - a +0 robe (worn)
Jewellery
 h - a +4 ring of strength (left claw)
Scrolls
 c - a scroll of fog
 f - a scroll of identify
Potions
 e - a potion of brilliance {unknown}
 i - a potion of heal wounds {unknown}
Comestibles
 d - 3 rations
 g - 7 chunks of flesh


   Skills:
 + Level 1.1 Short Blades
 + Level 1.8 Dodging
 + Level 3.7 Stealth
 + Level 2.0 Spellcasting
 + Level 2.9 Hexes


You had 3 spell levels left.
You knew the following spells:

 Your Spells              Type           Power        Failure   Level  Hunger
a - Corona                Hex            #......      9%          1    ##.....
b - Ensorcelled Hibernat  Hex/Ice        #.....       26%         2    ###....

Your spell library contained the following spells:

 Spells                   Type           Power        Failure   Level  Hunger
 Confuse                  Hex            #.......     26%         3    ####...
 Tukima's Dance           Hex            #.......     26%         3    ####...
 Dazzling Spray           Conj/Hex       #.....       45%         3    ####...


Dungeon Overview and Level Annotations

Branches:
Dungeon (2/15)

Altars:

Annotations:
D:2 Jessica


Innate Abilities, Weirdness & Mutations

Your body is rotting away.
You thrive on raw meat.
You are immune to poison.
You have sharp fingernails.
You are carnivorous and can eat meat at any time.
Your flesh is cold resistant. (rC+)
You are immune to negative energy. (rN+++)
You do not regenerate when monsters are visible.
You are immune to unholy pain and torment.
You can survive without breathing.


Message History

Casting: Ensorcelled Hibernation (safe; 26% risk of failure)
Confirm with . or Enter, or press ? or * to list all spells.
Aiming: Corona (safe; 9% risk of failure)
Press: ? - help, Shift-Dir - straight line, f/p - worm
Aim: a worm (almost dead, chance to defeat MR: 50%)
The worm is outlined in light.
You hit the worm but do no damage.
The worm is severely wounded.
The worm bites you!
You hit the worm.
The worm is almost dead.
You hit the worm.
The worm is almost dead.
The worm bites you.
You hit the worm.
The worm is almost dead.
You barely miss the worm.
The worm is almost dead.
The worm bites you!
You die...

#############
............#########
...########.##.....!#
##.# #.##......# ...#
#.##......#.### ####
#.#...@w.......
#.#(#######.!.. #...#
... ##### #


You could see a worm.

Vanquished Creatures
  2 dart slugs (D:1)
  5 bats (D:1)
  A giant cockroach (D:1)
  9 goblins (D:1)
  4 kobolds (D:1)
  A frilled lizard (D:1)
  A rat (D:1)
23 creatures vanquished.

Notes
Turn   | Place    | Note
-------+----------+-------------------------------------------
     0 | D:1      | Borgoz the Ghoul Enchanter began the quest for the Orb.
     0 | D:1      | Reached XP level 1. HP: 14/14 MP: 2/2
   392 | D:1      | Reached XP level 2. HP: 19/20 MP: 0/3
   644 | D:1      | Learned a level 2 spell: Ensorcelled Hibernation
   657 | D:1      | Reached skill level 1 in Short Blades
  1127 | D:1      | Reached XP level 3. HP: 20/25 MP: 2/5
  1372 | D:2      | Noticed Jessica
  1458 | D:2      | Slain by a worm

Skill      XL: |  1  2 |
---------------+-------+-----
Spellcasting   | 2 |  2.0
Short Blades   | 1 |  1.1
Dodging        | |  1.8
Stealth        | |  3.7
Hexes          | |  2.9

Action                   || total
-------------------------++-------
Melee: Dagger            ||    63
 Cast: Corona            ||    13
       Ensorcelled Hiber ||     1
  Use: Scroll            ||     2
 Stab: Sleeping          ||    10
  Eat: Chunk             ||     5
Armor: Robe              ||    15
Dodge: Dodged            ||    38
